 Dungeon Crawl Stone Soup version 0.20-a0-641-g673355a (webtiles) character file.

172 nikopol the Covered (level 5, 0/33 HPs)
             Began as a Gargoyle Fighter on Feb 13, 2017.
             Slain by an adder (2 damage)
             ... on level 3 of the Dungeon.
             The game lasted 00:03:13 (1733 turns).

nikopol the Covered (Gargoyle Fighter)              Turns: 1733, Time: 00:03:14

Health: 0/33       AC: 12    Str: 20    XL:     5   Next: 52%
Magic:  5/5        EV:  7    Int:  9    God:
Gold:   91         SH:  9    Dex:  9    Spells: 4/4 levels left

rFire    . . .     SeeInvis .   a - +0 flail
rCold    . . .     Gourm    .   b - +0 scale mail
rNeg     + . .     Faith    .   c - +0 shield
rPois    ∞         Spirit   .   (no helmet)
rElec    +         Reflect  .   g - +0 cloak
rCorr    .         Harm     .   (no gloves)
MR       .....                  (no boots)
Stlth    ..........             (no amulet)
Regen    0.2/turn               (no ring)
MPRegen  0.1/turn               (no ring)

@: no status effects
A: negative energy resistance 1, electricity resistance, unbreathing,
petrification resistance, rot immunity, AC +4
a: no special abilities


You were on level 3 of the Dungeon.
You were very hungry.

You visited 1 branch of the dungeon, and saw 3 of its levels.

You collected 91 gold pieces.

Inventory:

Hand Weapons
 a - a +0 flail (weapon)
Armour
 b - a +0 scale mail (worn)
 c - a +0 shield (worn)
 g - a +0 cloak (worn)
Jewellery
 e - an uncursed ring of poison resistance {unknown}
 n - an uncursed ring of resist corrosion {unknown}
Scrolls
 h - 4 scrolls of teleportation {unknown}
 j - a scroll of magic mapping {unknown}
 k - a scroll of identify {unknown}
 l - a scroll of amnesia {unknown}
Potions
 d - a potion of might
 i - a potion of mutation {unknown}
 o - a potion of haste {unknown}
Comestibles
 f - 2 bread rations
 m - a fruit
 p - a royal jelly


   Skills:
 + Level 4.2 Fighting
 + Level 3.3 Maces & Flails
 + Level 4.4 Armour
 + Level 4.2 Shields


You had 4 spell levels left.
You didn't know any spells.

Dungeon Overview and Level Annotations

Branches:
Dungeon (3/15)

Altars:


Innate Abilities, Weirdness & Mutations

You are resistant to torment.
Your stone body is resilient. (AC +4)
You are immune to poison.
You resist negative energy. (rN+)
You are resistant to electric shocks. (rElec)
You can survive without breathing.
You are immune to petrification.
You are immune to rotting.


Message History

You barely miss the orc priest.
The orc priest is severely wounded.
The orc priest invokes the aid of Beogh against you.
Beogh smites you!
* * * LOW HITPOINT WARNING * * *
You block the orc priest's attack.
You hit the orc priest.
You kill the orc priest!
The bat barely misses you.
You hit the kobold.
You kill the kobold!
The bat hits you but does no damage.
You closely miss the adder. The adder barely misses you.
You block the adder's attack.
You miss the adder. The adder bites you but does no damage.
You miss the adder. The adder bites you but does no damage.
The adder bites you.
* * * LOW HITPOINT WARNING * * *
You miss the adder. The adder bites you.
You die...

#.. #.# #.####
#.##.. #.##.#
#.##.#
#.##.####.#
#.####.........#
#......<#@######
#########S# .b#
.... #....
#..... #.....
.......


You could see an adder and a bat.

Vanquished Creatures
  An orc priest (D:3)
  Ijyb (D:2)
  5 adders (D:2)
  An ooze (D:1)
  A worm (D:2)
  4 dart slugs
  3 leopard geckos
  2 orcs (D:3)
  A ball python (D:1)
  3 hobgoblins (D:1)
  4 jackals (D:2)
  8 kobolds
  7 bats (D:1)
  7 frilled lizards
  5 goblins
  7 rats
60 creatures vanquished.

Notes
Turn   | Place    | Note
-------+----------+-------------------------------------------
     0 | D:1      | nikopol the Gargoyle Fighter began the quest for the Orb.
     0 | D:1      | Reached XP level 1. HP: 14/14 MP: 1/1
   260 | D:1      | Reached XP level 2. HP: 15/19 MP: 2/2
   658 | D:1      | Reached XP level 3. HP: 23/23 MP: 3/3
  1015 | D:2      | Noticed Ijyb
  1025 | D:2      | Killed Ijyb
  1025 | D:2      | Reached XP level 4. HP: 29/29 MP: 4/4
  1307 | D:2      | Reached XP level 5. HP: 19/33 MP: 5/5
  1733 | D:3      | Slain by an adder

Vault maps used:
D:1:      lemuel_arrival_room
D:2:      first_bread, uniq_iyjb

Skill      XL: |  1  2  3  4 |
---------------+-------------+-----
Armour         | 4 |  4.4
Maces & Flails | 3 |  3.3
Fighting       | 4 |  4.2
Shields        | 4 |  4.2

Action                   |  1- 3 |  4- 6 || total
-------------------------+-------+-------++-------
Melee: Flail             |   157 |   135 ||   292
  Eat: Chunk             |     1 |     1 ||     2
Armor: Scale mail        |    89 |    78 ||   167
Dodge: Dodged            |    73 |    44 ||   117
Block: Shield            |    99 |    80 ||   179
